 Dungeon Crawl Stone Soup version 0.20.0-10-g0535bb4 (webtiles) character file.

39 xgamer67 the Grave Robber (level 3, 0/28 HPs)
             Began as a Deep Dwarf Necromancer on June 8, 2017.
             Slain by a gnoll (6 damage)
             ... on level 2 of the Dungeon.
             The game lasted 00:04:52 (1148 turns).

xgamer67 the Grave Robber (Deep Dwarf Necromancer)  Turns: 1148, Time: 00:04:52

Health: 0/28       AC:  2    Str: 12    XL:     3   Next: 28%
Magic:  5/5        EV: 12    Int: 15    God:
Gold:   84         SH:  0    Dex: 13    Spells: 3/5 levels left

rFire    . . .     SeeInvis .   a - +0 whip
rCold    . . .     Gourm    .   (no shield)
rNeg     . . .     Faith    .   i - +0 robe
rPois    .         Spirit   .   (no helmet)
rElec    .         Reflect  .   (no cloak)
rCorr    .         Harm     .   (no gloves)
MR       .....                  (no boots)
Stlth    ++........             (no amulet)
Regen    0.0/turn               (no ring)
MPRegen  0.1/turn               (no ring)

@: very slightly contaminated, non-regenerating
A: damage resistance, heal wounds, sense surroundings 1, no regeneration
a: Heal Wounds


You were on level 2 of the Dungeon.
You were not hungry.

You visited 1 branch of the dungeon, and saw 3 of its levels.

You collected 84 gold pieces.

Inventory:

Hand Weapons
 a - a +0 whip (weapon)
Missiles
 k - 17 poisoned needles
 m - 20 stones (quivered)
Armour
 i - a +0 robe (worn)
Scrolls
 j - a scroll of identify {unknown}
 l - a scroll of teleportation {unknown}
Books
 b - a book of Necromancy

   Spells                             Type                      Level
   a - Pain                           Necromancy                   1
   b - Animate Skeleton               Necromancy                   1
   c - Vampiric Draining              Necromancy                   3
   d - Regeneration                   Charms/Necromancy            3
   e - Animate Dead                   Necromancy                   4
   f - Control Undead                 Necromancy                   4
Comestibles
 c - a bread ration
 f - a meat ration
 h - 2 chunks of flesh


   Skills:
 - Level 2.1 Dodging
 - Level 2.4 Stealth
 - Level 1.7 Spellcasting
 + Level 5.6 Necromancy


You had 3 spell levels left.
You knew the following spells:

 Your Spells              Type           Power        Failure   Level  Hunger
a - Pain                  Necr           ###.         2%          1    ##.....
A - Animate Skeleton      Necr           N/A          2%          1    ##.....


Dungeon Overview and Level Annotations

Branches:
Dungeon (3/15)

Altars:
Fedhas
Kikubaaqudgha
Yredelemnul

Annotations:
D:2 Sigmund


Innate Abilities, Weirdness & Mutations

You are resistant to damage.
You can heal yourself by infusing magical energy.
You passively map a small area around you.
You do not regenerate.


Message History

* * * LOW HITPOINT WARNING * * *
The bat hits you but does no damage. The bat hits you but does no damage.
The bat hits you but does no damage.
Found a scroll of blinking.
The bat barely misses you. x2
The gnoll hits you from afar with a spear.
* * * LOW HITPOINT WARNING * * *
The bat closely misses you. The bat hits you.
A goblin comes into view. It is wielding a club.
The goblin shouts!
The bat closely misses you. The bat hits you but does no damage.
The bat barely misses you. The bat hits you.
You see here 11 sling bullets.
As you read the scroll labeled ISSIET QOTERHO, it crumbles to dust.
The creatures around you are filled with an inner flame!
It was a scroll of immolation.
The gnoll hits you!
You die...

##)..).......###.###########.....
.#...........# #.# #.....
........)...####.# ##.##.
.#...............## ##...##
........@....##...## #.....#
.#...........###...# #.....#
.#...........# #.#..# *#.....#
.............# #.##.).. ##...##
..#.........## #@# ##### ,#.....#
.##........ #g# ** #.....# *#,
#g# *#.....# ,, #. #b# *,,
##...## ,, #.###g###### , ##_## ,
.##...g......# ###
...#.........#... ,
,....##.g............. ,, ,
.........#....####...


You could see 3 gnolls, a goblin (inner flame) and a bat (inner flame).

Vanquished Creatures
  A gnoll (D:1)
  An adder (D:2)
  A worm (D:2)
  A leopard gecko (D:1)
  A giant cockroach (D:1)
  3 goblins
  4 hobgoblins
  2 kobolds
  3 rats
17 creatures vanquished.

Notes
Turn   | Place    | Note
-------+----------+-------------------------------------------
     0 | D:1      | xgamer67 the Deep Dwarf Necromancer began the quest for the Orb.
     0 | D:1      | Reached XP level 1. HP: 15/15 MP: 3/3
     2 | D:1      | Learned a level 1 spell: Animate Skeleton
   377 | D:1      | Reached skill level 5 in Necromancy
   377 | D:1      | Reached XP level 2. HP: 22/22 MP: 0/4
   883 | D:2      | Noticed Sigmund
   917 | D:3      | Found an ancient bone altar of Kikubaaqudgha.
   983 | D:2      | Reached XP level 3. HP: 8/28 MP: 3/5
  1056 | D:2      | Found a blossoming altar of Fedhas.
  1108 | D:2      | Found a basalt altar of Yredelemnul.
  1148 | D:2      | Slain by a gnoll

Skill      XL: |  1 |
---------------+----+-----
Necromancy     | 5 |  5.6
Dodging        | |  2.1
Stealth        | |  2.4
Spellcasting   | |  1.7

Action                   || total
-------------------------++-------
Melee: Unarmed           ||     1
       Whip              ||    43
 Cast: Pain              ||    19
 Abil: Heal Wounds       ||     1
  Use: Potion            ||     3
       Scroll            ||     2
 Stab: Sleeping          ||     2
  Eat: Chunk             ||     1
Armor: Robe              ||    24
Dodge: Dodged            ||    50
